 Dungeon Crawl Stone Soup version 0.25.0-15-gac7dcb8919 (webtiles) character file.

Game seed: 12084232872595336220

144 Descartes the Sneak (level 5, 0/22 HPs)
             Began as a Felid Transmuter on June 29, 2020.
             Slain by a scorpion (8 damage)
             ... on level 3 of the Dungeon.
             The game lasted 00:07:08 (4963 turns).

Descartes the Sneak (Felid Transmuter)              Turns: 4963, Time: 00:07:09

Health: 0/22       AC:  1    Str:  7    XL:     5   Next: 5%
Magic:  8/9        EV: 20    Int: 14    God:
Gold:   122        SH:  5    Dex: 17    Spells: 5/8 levels left
                                        Lives:  0   Deaths: 1

rFire    . . .     SeeInvis +     - Unarmed
rCold    . . .     Gourm    .   (shield unavailable)
rNeg     . . .     Faith    .   (armour unavailable)
rPois    .         Spirit   .   (helmet unavailable)
rElec    .         Reflect  +   (cloak unavailable)
rCorr    .         Harm     .   (gloves unavailable)
MR       .....                  (boots unavailable)
Stlth    ++++......             n - amulet of reflection
HPRegen  0.07/turn              (no ring)
MPRegen  0.11/turn              (no ring)

@: lethally poisoned (0 -> -9), appendage (expiring), quick
A: very small, no armour, no weapons or thrown items, stealth, claws 1, fangs 3,
horns 2, see invisible, carnivore, speed 1, shaggy fur 1, slow metabolism 1,
sharp paws
a: End Transformation


You were on level 3 of the Dungeon.
You were completely stuffed.
You had grown temporary horns.
You visited 1 branch of the dungeon, and saw 3 of its levels.

You collected 122 gold pieces.

Inventory:

Missiles
 a - 33 arrows
 f - 89 stones
Jewellery
 n - an amulet of reflection (around neck)
 s - an uncursed amulet of faith {unknown}
Scrolls
 b - 2 scrolls of enchant armour {unknown}
 e - a scroll of blinking {unknown}
 i - a scroll of teleportation {unknown}
 j - a scroll of enchant weapon {unknown}
 l - 2 scrolls of identify {unknown}
 o - a scroll of immolation {unknown}
Potions
 d - a potion of curing {unknown}
 g - a potion of invisibility {unknown}
 h - 2 potions of magic {unknown}
 k - a potion of cancellation {unknown}
 m - a potion of flight {unknown}
 p - a potion of lignification {unknown}
 q - a potion of stabbing {unknown}
 r - 2 potions of berserk rage {unknown}
Comestibles
 c - 12 rations
 t - 4 chunks of flesh


   Skills:
 - Level 1.0 Fighting
 + Level 4.9 Dodging
 * Level 6.5 Stealth
 - Level 3.0 Unarmed Combat
 - Level 2.0 Spellcasting
 - Level 2.1 Transmutations


You had 5 spell levels left.
You knew the following spells:

 Your Spells              Type           Power        Failure   Level  Hunger
a - Beastly Appendage     Tmut           #.....       10%         1    ##.....
b - Sticks to Snakes      Tmut           #.......     14%         2    ###....

Your spell library contained the following spells:

 Spells                   Type           Power        Failure   Level  Hunger
 Spider Form              Tmut/Pois      #.........   41%         3    ####...
 Ice Form                 Ice/Tmut       #.......     83%         4    #####..
 Blade Hands              Tmut           #.........   95%         5    ######.


Dungeon Overview and Level Annotations

Branches:
Dungeon (3/15)

Altars:
Ru


Innate Abilities, Weirdness & Mutations

You cannot wear armour.
You are incapable of wielding weapons or throwing items.
Your paws allow you to move quietly. (Stealth)
You have sharp claws.
You have razor-sharp teeth.
You have supernaturally acute eyesight. (SInv)
You are carnivorous and can eat meat at any time.
You cover ground quickly.
You are covered in fur. (AC +1)
You have a slow metabolism.
Your sharp claws are effective at attacking unaware monsters.
You have a pair of horns on your head.


Message History

The scorpion is lightly wounded.
The scorpion barely misses you.
You scratch the scorpion.
You bite the scorpion, but do no damage.
The scorpion is moderately wounded.
The scorpion barely misses you.
You scratch the scorpion.
The scorpion is heavily wounded.
Your transformation is almost over.
The scorpion stings you!
You are lethally poisoned!
The scorpion poisons you!
You barely miss the scorpion.
You bite the scorpion, but do no damage.
The scorpion is heavily wounded.
You feel sick. You block the scorpion's attack.
You scratch the scorpion but do no damage.
The scorpion is heavily wounded.
You feel sick. The scorpion stings you!
You die...

#.# #.##.# #.#
#..... #.# #.##.#
###.### #.##.#
......# #.##.# ###
#.# #.##.# ### #.#
#.##.## #####.##
#.#.#.##
._..'..####..###@#
#.###.........#s##
#.# #.######.#.#
#+###..# #.###
.......# #.#
...###.#####.#
##...........#
#####.####### #.#


You could see a scorpion.

Vanquished Creatures
  A hound (D:2)
  Natasha (thrice) (D:2)
  Robin (D:2)
  2 worms (D:2)
  A dart slug (D:1)
  3 leopard geckos
  2 ball pythons
  6 bats
  6 giant cockroaches
  15 goblins
  12 hobgoblins
  14 jackals
  A quokka (D:3)
  A frilled lizard (D:1)
  6 kobolds
  A quokka skeleton (D:3)
  7 rats
82 creatures vanquished.

Notes
Turn   | Place    | Note
-------+----------+-------------------------------------------
     0 | D:1      | Descartes the Felid Transmuter began the quest for the Orb.
     0 | D:1      | Reached XP level 1. HP: 9/9 MP: 4/4
    17 | D:1      | Reached skill level 1 in Stealth
   358 | D:1      | Reached skill level 2 in Stealth
   358 | D:1      | Reached XP level 2. HP: 12/12 MP: 6/6
   774 | D:1      | Reached skill level 3 in Stealth
   866 | D:1      | Reached XP level 3. HP: 15/15 MP: 7/7
  1096 | D:1      | Learned a level 2 spell: Sticks to Snakes
  1339 | D:2      | Reached skill level 4 in Stealth
  1600 | D:2      | Reached XP level 4. HP: 19/19 MP: 6/8
  1992 | D:2      | Noticed a bullfrog
  2035 | D:2      | Noticed Robin
  2242 | D:2      | Reached skill level 5 in Stealth
  2259 | D:2      | Killed Robin
  2588 | D:2      | Noticed Natasha
  2596 | D:2      | Killed Natasha
  2596 | D:2      | Reached XP level 5. HP: 17/22 MP: 7/9
  3049 | D:2      | Noticed Natasha
  3061 | D:2      | Slain by a white imp
  3062 | D:2      | Reached XP level 4. HP: -2/19 MP: 8/8
  3166 | D:2      | Killed Natasha
  3166 | D:2      | Reached skill level 6 in Stealth
  3217 | D:2      | Noticed Natasha
  3709 | D:2      | Killed Natasha
  4600 | D:3      | Reached XP level 5. HP: 22/22 MP: 7/9
  4914 | D:3      | Found a sacrificial altar of Ru.
  4963 | D:3      | Slain by a scorpion

Illustrated notes

Levels and vault maps discovered:
D:1:      dpeg_arrival_prison, layout_basic, due_unseen_surprise
D:2:      layout_basic, lightli_corner_chamber, uniq_natasha, uniq_robin
D:3:      layout_loops_ring, lemuel_doored_altar, first_ration, serial_glass,
          glass_columns_b, glass_columns_a

Skill      XL: |  1  2  3  4 |
---------------+-------------+-----
Stealth        | 2 3 4 6 |  6.5
Dodging        | 3 4 |  4.9
Fighting       | |  1.0
Unarmed Combat | |  3.0
Spellcasting   | |  2.0
Transmutations | |  2.1

Action                   |  1- 3 |  4- 6 || total
-------------------------+-------+-------++-------
Melee: Unarmed           |    99 |   143 ||   242
       Bite              |     7 |    13 ||    20
       Punch             |     2 |     5 ||     7
       Headbutt          |     1 |    24 ||    25
 Cast: Beastly Appendage |     2 |    34 ||    36
 Stab: Sleeping          |     7 |     4 ||    11
  Eat: Chunk             |     8 |    13 ||    21
Armor: Skin              |     7 |     4 ||    11
Dodge: Dodged            |    90 |    70 ||   160
Block: Other             |       |    12 ||    12
